 Dungeon Crawl Stone Soup version 0.15.2 (webtiles) character file.

112 Huymann the Magician (level 4, 0/24 HPs)
             Began as a Deep Elf Wizard on July 21, 2017.
             Slain by a bat (1 damage)
             ... on Level 4 of the Dungeon on July 22, 2017.
             The game lasted 00:29:40 (2727 turns).

Huymann the Magician (Deep Elf Wizard)              Turns: 2727, Time: 00:29:40

HP   0/24        AC  2     Str  5      XL: 4   Next: 64%
MP   9/17        EV 12     Int 23      God:
Gold 79          SH  3     Dex 13      Spells:  4 memorised,  5 levels left

rFire  + . .     SeeInvis .     m - +0 dagger
rCold  . . .     Clarity  .     y - +0 robe
rNeg   . . .     rCorr    .     B - +0 buckler
rPois  .         rRot     .     b - +0 hat
rElec  .         Spirit   .     (no cloak)
SustAb .         Warding  .     (no gloves)
rMut   .         Stasis   .     (no boots)
Gourm  .                        r - amulet of rage
MR     .....                    (no ring)
                                D - ring of protection from fire

@: not resistant to hostile enchantments, unstealthy
A: no striking features
a: Evoke Berserk Rage


You were on level 4 of the Dungeon.
You were not hungry.

You visited 1 branch of the dungeon, and saw 4 of its levels.

You collected 79 gold pieces.

Inventory:

Hand weapons
 k - a +0 hunting sling
 m - a +0 dagger (weapon)
Missiles
 l - 40 stones (quivered)
Armour
 a - a +0 robe
 b - a +0 hat (worn)
 y - a +0 robe (worn)
 B - a +0 buckler (worn)
Comestibles
 d - a bread ration
 f - a slice of pizza
 g - 2 meat rations
 j - a fruit
 q - 4 chunks of orc flesh
 s - 2 chunks of worker ant flesh
Scrolls
 i - a scroll of recharging {unknown}
 n - a scroll of amnesia {unknown}
Jewellery
 r - an amulet of rage (around neck)
 D - a ring of protection from fire (left hand)
Potions
 h - a potion of agility
 o - 4 potions of curing
 w - a potion of magic {unknown}
Books
 c - a book of Minor Magic

   Spells                             Type                      Level
   *Magic Dart                        Conjuration                  1
   Blink                              Translocation                2
   *Call Imp                          Summoning                    2
   *Repel Missiles                    Charms/Air                   2
   Slow                               Hexes                        2
   *Conjure Flame                     Conjuration/Fire             3
   Mephitic Cloud                     Conjuration/Poison/Air       3
 e - a book of the Tempests

   Spells                             Type                      Level
   Static Discharge                   Conjuration/Air              3
   Lightning Bolt                     Conjuration/Air              5
   Fireball                           Conjuration/Fire             5
   Tornado                            Air                          9
   Shatter                            Earth                        9


   Skills:
 * Level 1.6 Short Blades
 + Level 3.0 Dodging
 * Level 3.4 Stealth
 + Level 5.4 Spellcasting
 * Level 1.8 Conjurations
 + Level 1.9 Summonings
   Level 1.1 Translocations


You had 5 spell levels left.
You knew the following spells:

 Your Spells              Type           Power        Failure   Level  Hunger
a - Magic Dart            Conj           ##..         6%          1    None
b - Call Imp              Summ           ###.....     10%         2    None
c - Conjure Flame         Conj/Fire      ##......     24%         3    ##.....
d - Repel Missiles        Chrm/Air       #.....       21%         2    None


Dungeon Overview and Level Annotations

Branches:
Dungeon (4/15)
 Temple: D:4-7

Altars:

Annotations:
D:3 Huymann's ghost, weakling DEWz


Message History

There is a stone staircase leading up here.
The bat hits you.
* * * LOW HITPOINT WARNING * * *
You climb upwards.
Level annotation: Huymann's ghost, weakling DEWz The orc shouts! x2
An adder, a hobgoblin, an orc and 2 orc wizards come into view.
The orc shouts!
The orc wizard shouts!
The hobgoblin shouts!
The orc hits you with a flail.
* * * LOW HITPOINT WARNING * * *
The orc wizard mumbles some strange words.
The orc wizard flickers and vanishes!
Found three items.
Found an escape hatch in the floor.
A giant cockroach comes into view.
There is a stone staircase leading down here.
The orc closely misses you. The orc completely misses you.
The orc closely misses you.
You climb downwards.
The adder misses you. You block the adder's attack. The bat hits you.
You die...

#......Sg.....#
#.###########.# #.# #S#
#.# #.# #.###########.#
#5##..........#
#5##.##....##.#
#g##.##o...##.##
#S##.S@o..>#...##
###.##.b#g#.#.....#
#####.5..o....#.#.....#
#.....####..#.#.#.....#
#.#####
#.......#....... #)###
.####.#.#######..
#.#.### .# ..#.. # #
#..#..#..# ....#
#####.###o..o..g....#


You could see an adder, 3 orcs, a goblin and a bat.

Vanquished Creatures
  Jessica (D:2)
  An adder (D:2)
  A white imp (D:4)
  A worm (D:2)
  2 giant geckos
  An ooze (D:1)
  An orc (D:3)
  5 bats
  4 giant cockroaches
  2 goblins (D:2)
  8 hobgoblins
  6 kobolds
  A ball python (D:2)
  2 giant newts
  A jackal (D:2)
  8 rats
45 creatures vanquished.

Vanquished Creatures (collateral kills)
  An orc priest (D:4)
  A worker ant (D:4)
  A worm (D:2)
  An ooze (D:1)
  An orc (D:4)
  A bat (D:2)
  A giant cockroach (D:1)
  A goblin (D:1)
  3 jackals (D:2)
  A kobold (D:1)
  A rat (D:2)
13 creatures vanquished.

Grand Total: 58 creatures vanquished

Notes
Turn   | Place    | Note
--------------------------------------------------------------
     0 | D:1      | Huymann, the Deep Elf Wizard, began the quest for the Orb.
     0 | D:1      | Reached XP level 1. HP: 10/10 MP: 6/6
   338 | D:1      | Reached XP level 2. HP: 15/15 MP: 6/9
   363 | D:1      | Learned a level 2 spell: Call Imp
   431 | D:1      | Reached skill level 1 in Short Blades
  1402 | D:2      | Reached XP level 3. HP: 19/19 MP: 10/13
  1629 | D:2      | Noticed Jessica
  1644 | D:2      | Killed Jessica
  1644 | D:2      | Reached skill level 5 in Spellcasting
  2084 | D:2      | Reached XP level 4. HP: 24/24 MP: 12/17
  2324 | D:2      | Learned a level 3 spell: Conjure Flame
  2327 | D:2      | Learned a level 2 spell: Repel Missiles
  2440 | D:3      | Noticed Huymann's ghost (weakling DEWz)
  2725 | D:3      | HP: 1/24 [orc/flail (4)]
  2727 | D:4      | Slain by a bat

Action                   |  1- 3 |  4- 6 || total
-------------------------+-------+-------++-------
Melee: Short sword       |     4 |       ||     4
       Dagger            |    59 |    14 ||    73
 Cast: Magic Dart        |    55 |    10 ||    65
       Call Imp          |    11 |     9 ||    20
       Conjure Flame     |       |     6 ||     6
  Use: Scroll            |       |     9 ||     9
 Stab: Sleeping          |     5 |     3 ||     8
  Eat: Chunk             |     4 |     2 ||     6
